 Dungeon Crawl Stone Soup version 0.20-a0-548-g4f8a798 (webtiles) character file.

1705 esc the Magician (level 8, 0/48 HPs)
             Began as a Deep Elf Fire Elementalist on Feb 1, 2017.
             Was a Follower of Vehumet.
             Slain by nht's ghost (3 damage)
             ... on level 6 of the Dungeon.
             The game lasted 00:25:34 (7228 turns).

esc the Magician (Deep Elf Fire Elementalist)       Turns: 7228, Time: 00:25:35

Health: 0/48       AC:  2    Str:  3 (5)  XL:     8   Next: 73%
Magic:  0/21       EV: 16    Int: 26 (28) God:    Vehumet [*.....]
Gold:   376        SH:  3    Dex: 14 (15) Spells: 8/21 levels left

rFire    . . .     SeeInvis .   y - +2 dagger (holy)
rCold    . . .     Gourm    .   B - +0 robe {MR+}
rNeg     . . .     Faith    .   (no shield)
rPois    .         Spirit   .   (no helmet)
rElec    .         Reflect  +   (no cloak)
rCorr    .         Harm     .   (no gloves)
MR       +....                  (no boots)
Stlth    ++........             q - +3 amulet of reflection
Regen    0.2/turn               (no ring)
                                (no ring)

@: brilliant
A: no striking features
a: Renounce Religion


You were on level 6 of the Dungeon.
You worshipped Vehumet.
Vehumet was aware of your devotion.
You were not hungry.

You visited 1 branch of the dungeon, and saw 6 of its levels.

You collected 376 gold pieces.

Inventory:

Hand Weapons
 y - a +2 dagger of holy wrath (weapon)
   (You took it off an orc on level 5 of the Dungeon)
Missiles
 m - 3 throwing nets {=f, !d}
 s - 28 poisoned needles
Armour
 B - a +0 robe of magic resistance (worn)
   (You took it off an orc wizard on level 4 of the Dungeon)
Jewellery
 g - an uncursed amulet of the gourmand {Gourm, !d}
   (You found it on level 5 of the Dungeon)
 q - a +3 amulet of reflection (around neck)
   (You found it on level 2 of the Dungeon)
Wands
 D - a wand of polymorph (10/24)
   (You found it on level 6 of the Dungeon)
Scrolls
 d - 4 scrolls of identify {unknown}
 i - 2 scrolls of remove curse
 j - 3 scrolls of enchant weapon {unknown}
 l - a scroll of random uselessness {unknown}
 n - 5 scrolls of teleportation {unknown}
 p - 2 scrolls of enchant armour {unknown}
 w - 3 scrolls of noise {unknown}
Potions
 k - a potion of mutation {unknown}
 o - a potion of cancellation {unknown}
 t - 2 potions of resistance {unknown}
 v - a potion of magic {unknown}
 z - a potion of might {unknown}
 A - a potion of haste {unknown}
 E - a potion of berserk rage {unknown}
 F - a potion of heal wounds {unknown}
Books
 b - a book of Flames
 u - a book of the Dragon
   (You found it on level 2 of the Dungeon)
 C - a book of Misfortune
   (You found it on level 6 of the Dungeon)
Comestibles
 a - 6 fruits
 c - 3 bread rations {@e1}
 f - 2 chunks of flesh {@w0}
 h - 4 meat rations {@e2}


   Skills:
 - Level 3.7 Fighting
 - Level 6.3 Dodging
 - Level 2.4 Stealth
 - Level 7.3 Spellcasting
 - Level 5.4 Conjurations
 + Level 0.0 Hexes
 - Level 6.6 Fire Magic


You had 8 spell levels left.
You knew the following spells:

 Your Spells              Type           Power        Failure   Level  Hunger
a - Throw Flame           Conj/Fire      ######       1%          2    None
b - Confuse               Hex            ####....     2%          3    None
c - Conjure Flame         Conj/Fire      ######..     1%          3    None
s - Sticky Flame          Conj/Fire      ######..     1%          4    ##.....
x - Flame Tongue          Conj/Fire      #####        1%          1    None


Dungeon Overview and Level Annotations

Branches:
Dungeon (6/15)
 Temple: D:4-7

Altars:
Dithmenos
Qazlal
Ru
Sif Muna
Uskayaw
Vehumet
Xom
Zin

Annotations:
D:4 exclusion: statue
D:6 nht's ghost, novice HaHu


Message History

The floor.
Some of the chunks of flesh in your inventory have rotted away. 2 orcs and a howler monkey come into view.
You found a teleport trap!
Nht's ghost is too close now for your liking.
Okay, then.
Aim: nht's ghost, wielding a weapon of flaming (hasn't noticed you, chance to defeat MR: 12%)
Okay, then.
Aim: nht's ghost, wielding a weapon of flaming (hasn't noticed you)
The puff of flame hits nht's ghost.
You now have 19/21 mp.
You see here a hand crossbow.
There is a stone staircase leading up here.
The fire roars!
You now have 17/21 mp.
Aim: nht's ghost, wielding a weapon of flaming (lightly damaged)
The puff of flame hits nht's ghost.
Nht's ghost appears unharmed.
You now have 16/21 mp.
Aim: nht's ghost, wielding a weapon of flaming (lightly damaged)
The puff of flame hits nht's ghost.
Nht's ghost appears unharmed.
You now have 14/21 mp.
Aim: nht's ghost, wielding a weapon of flaming (lightly damaged)
The puff of flame hits nht's ghost.
Nht's ghost appears unharmed.
You now have 12/21 mp.
Here: nht's ghost, wielding a weapon of flaming (flame, lightly damaged)
The floor.
The fire roars!
Nht's ghost is engulfed in roaring flames.
You now have 9/21 mp.
Aim: nht's ghost, wielding a weapon of flaming (flame, moderately damaged)
The puff of flame hits nht's ghost.
Nht's ghost hits you. Nht's ghost burns you.
You take 7 damage, and have 41/48 hp.
You now have 7/21 mp.
Aim: nht's ghost, wielding a weapon of flaming (flame, moderately damaged)
Okay, then.
Aim: nht's ghost, wielding a weapon of flaming (flame, moderately damaged)
The puff of flame hits nht's ghost.
Nht's ghost appears unharmed.
Nht's ghost is engulfed in roaring flames.
Nht's ghost hits you. Nht's ghost burns you.
You take 3 damage, and have 38/48 hp.
You now have 5/21 mp.
Aim: nht's ghost, wielding a weapon of flaming (flame, moderately damaged)
The puff of flame hits nht's ghost.
Nht's ghost appears unharmed.
Nht's ghost hits you. Nht's ghost burns you.
You take 4 damage, and have 34/48 hp.
You now have 4/21 mp.
Aim: nht's ghost, wielding a weapon of flaming (flame, moderately damaged)
The puff of flame hits nht's ghost.
Nht's ghost is engulfed in roaring flames.
Nht's ghost barely misses you.
You now have 2/21 mp.
Aim: nht's ghost, wielding a weapon of flaming (flame, heavily damaged)
The puff of flame hits nht's ghost.
Nht's ghost is engulfed in roaring flames.
Nht's ghost completely misses you.
You now have 0/21 mp.
You hit nht's ghost but do no damage. Nht's ghost misses you.
You hit nht's ghost but do no damage.
Nht's ghost is engulfed in roaring flames.
Nht's ghost barely misses you.
You hit nht's ghost but do no damage. Nht's ghost hits you!
Nht's ghost burns you.
You take 13 damage, and have 22/48 hp.
MASSIVE DAMAGE!!
Okay, then.
It was a potion of curing.
You feel better. Nht's ghost hits you. Nht's ghost burns you.
You hit nht's ghost but do no damage. Nht's ghost barely misses you.
Here: nht's ghost, wielding a weapon of flaming (almost destroyed)
A hand crossbow.
The floor.
It was a potion of degeneration.
There was something very wrong with that liquid.
You feel weakened.
You feel dopey.
You feel clumsy. Nht's ghost closely misses you.
It was a potion of brilliance.
You feel clever all of a sudden. Nht's ghost hits you!
* * * LOW HITPOINT WARNING * * *
Nht's ghost burns you.
* * * LOW HITPOINT WARNING * * *
You take 12 damage, and have 10/48 hp.
MASSIVE DAMAGE!!
Unknown command.
You feel better. Nht's ghost hits you. Nht's ghost burns you.
* * * LOW HITPOINT WARNING * * *
You regained 4 hp, and now have 14/48 hp.
You feel better. Nht's ghost hits you. Nht's ghost burns you.
You regained 5 hp, and now have 19/48 hp.
Aim: nht's ghost, wielding a weapon of flaming (almost destroyed)
The puff of flame hits nht's ghost.
Nht's ghost hits you. Nht's ghost burns you.
* * * LOW HITPOINT WARNING * * *
You take 5 damage, and have 14/48 hp.
You now have 0/21 mp.
You don't have enough magic to cast that spell.
Nht's ghost says, "Ah, a second chance to prove myself in battle!"
Nht's ghost hits you!
* * * LOW HITPOINT WARNING * * *
Nht's ghost burns you.
You die...

. [o h.. .... ######### o....
#.......# ......##.......#
...............#
......####..###### .$... ##.## #@#
.... #..# #W# #########
....########.###ยง########.......#
.( ...........................>.#
. .............................
#.....##.##................#
#.####.....##W##########........#
................................#
#.#.##.....#.#.#########........#


You could see nht's ghost.

Vanquished Creatures
  Pikel (D:5)
  4 ogres
  A centaur (D:4)
  2 bullfrogs
  A scorpion (D:6)
  A bullfrog zombie (D:5)
  4 orc wizards
  2 centaur skeletons
  A gnoll shaman (D:4)
  2 hounds (D:4)
  An orc priest (D:5)
  3 worker ants
  2 worker ant zombies (D:3)
  10 gnolls
  4 adders
  3 adder skeletons (D:3)
  An adder zombie (D:3)
  3 worms (D:2)
  3 dart slugs
  A leopard gecko (D:2)
  13 orcs
  A ball python (D:5)
  7 bats
  3 giant cockroaches
  6 goblins (D:2)
  2 hobgoblins (D:1)
  7 jackals
  6 kobolds
  4 quokkas
  6 frilled lizards
  4 leopard gecko skeletons
  3 leopard gecko zombies (D:3)
  2 quokka skeletons
  3 rats
117 creatures vanquished.

Vanquished Creatures (others)
  A goblin (D:2)
1 creature vanquished.

Grand Total: 118 creatures vanquished

Notes
Turn   | Place    | Note
-------+----------+-------------------------------------------
     0 | D:1      | esc the Deep Elf Fire Elementalist began the quest for the Orb.
     0 | D:1      | Reached XP level 1. HP: 10/10 MP: 6/6
   229 | D:1      | Reached XP level 2. HP: 15/15 MP: 6/8
   836 | D:2      | Reached skill level 2 in Conjurations
   962 | D:2      | Reached XP level 3. HP: 19/19 MP: 8/10
   968 | D:2      | Reached skill level 4 in Spellcasting
  1265 | D:2      | Reached skill level 4 in Fire Magic
  1307 | D:2      | Learned a level 2 spell: Throw Flame
  1311 | D:2      | Learned a level 3 spell: Conjure Flame
  1493 | D:2      | Reached XP level 4. HP: 24/24 MP: 10/12
  1963 | D:3      | Found a glowing silver altar of Zin.
  1963 | D:3      | Found a stormy altar of Qazlal.
  1992 | D:3      | Reached skill level 3 in Dodging
  1992 | D:3      | Reached XP level 5. HP: 24/28 MP: 3/13
  2079 | D:3      | Reached skill level 1 in Fighting
  2341 | D:3      | Found a shadowy altar of Dithmenos.
  2341 | D:3      | Found a shimmering altar of Xom.
  2343 | D:3      | Found a deep blue altar of Sif Muna.
  2346 | D:3      | Found a sacrificial altar of Ru.
  2430 | D:3      | Noticed a phantom
  2600 | D:4      | Noticed an ogre
  2606 | D:4      | Killed an ogre
  2606 | D:4      | Reached skill level 3 in Conjurations
  2606 | D:4      | Reached XP level 6. HP: 34/34 MP: 1/15
  3274 | D:4      | Reached skill level 5 in Spellcasting
  3794 | D:4      | Reached skill level 2 in Fighting
  3794 | D:4      | Reached skill level 4 in Dodging
  3794 | D:4      | Reached skill level 5 in Fire Magic
  3855 | D:4      | Found a radiant altar of Vehumet.
  3947 | D:4      | Became a worshipper of Vehumet
  4075 | D:5      | Entered Level 5 of the Dungeon
  4140 | D:5      | Reached XP level 7. HP: 40/40 MP: 2/17
  4820 | D:4      | Reached skill level 4 in Conjurations
  5336 | D:5      | Reached skill level 6 in Spellcasting
  5507 | D:5      | Reached skill level 5 in Dodging
  5508 | D:5      | Noticed Pikel
  5990 | D:4      | Reached XP level 8. HP: 28/45 MP: 5/19
  6102 | D:5      | Reached * piety under Vehumet
  6102 | D:5      | Offered knowledge of Shock by Vehumet.
  6172 | D:5      | Reached skill level 3 in Fighting
  6493 | D:5      | Killed Pikel
  6493 | D:5      | Reached skill level 6 in Dodging
  6493 | D:5      | Reached skill level 7 in Spellcasting
  6493 | D:5      | Reached skill level 5 in Conjurations
  6493 | D:5      | Reached skill level 6 in Fire Magic
  6663 | D:5      | Learned a level 4 spell: Sticky Flame
  7026 | D:6      | Learned a level 3 spell: Confuse
  7058 | D:6      | Found a hide-covered altar of Uskayaw.
  7129 | D:6      | Noticed nht's ghost (novice HaHu)
  7224 | D:6      | HP: 10/48 [nht's ghost (4)]
  7228 | D:6      | HP: 3/48 [nht's ghost (11)]
  7228 | D:6      | Slain by nht's ghost

Vault maps used:
D:1:      dpeg_arrival_arbitrary_c
D:2:      first_bread
D:3:      grunt_temple_overflow_open, serial_undead, serial_undead_c,
          serial_undead_f, serial_undead_c, serial_undead_d, serial_undead_d,
          serial_undead_e, serial_undead_f, serial_undead_e, serial_undead_f,
          serial_undead_b
D:4:      vehumet_statue, kennysheep_cross_bottleneck, dk_rats_in_the_wall
D:5:      kennysheep_small_circle, uniq_pikel
D:6:      serial_shops, nicolae_shop_statue_plus, basic_altar,
          grunt_ministairs_2

Skill      XL: |  1  2  3  4  5  6  7  8 |
---------------+-------------------------+-----
Conjurations   | 2 3 4 5 |  5.4
Spellcasting   | 4 5 6 7 |  7.3
Fire Magic     | 4 5 6 |  6.6
Dodging        | 3 4 5 6 |  6.3
Fighting       | 1 2 3 |  3.7
Stealth        | |  2.4

Action                   |  1- 3 |  4- 6 |  7- 9 || total
-------------------------+-------+-------+-------++-------
Melee: Dagger            |    10 |     2 |     6 ||    18
 Cast: Flame Tongue      |    56 |    32 |       ||    88
       Throw Flame       |       |    94 |   143 ||   237
       Conjure Flame     |       |     4 |    11 ||    15
  Use: Scroll            |       |     1 |       ||     1
       Potion            |       |       |     5 ||     5
 Stab: Sleeping          |     3 |       |       ||     3
  Eat: Chunk             |     2 |     4 |     5 ||    11
       Royal jelly       |       |     2 |       ||     2
       Bread ration      |       |       |     1 ||     1
Armor: Robe              |     5 |     3 |     2 ||    10
Dodge: Dodged            |    19 |    22 |    42 ||    83
Block: Other             |     2 |     7 |     9 ||    18
       Reflection        |     2 |     2 |       ||     4

Vault maps used:
D:1:      dpeg_arrival_arbitrary_c
D:2:      first_bread
D:3:      grunt_temple_overflow_open, serial_undead, serial_undead_c,
          serial_undead_f, serial_undead_c, serial_undead_d, serial_undead_d,
          serial_undead_e, serial_undead_f, serial_undead_e, serial_undead_f,
          serial_undead_b
D:4:      vehumet_statue, kennysheep_cross_bottleneck, dk_rats_in_the_wall
D:5:      kennysheep_small_circle, uniq_pikel
D:6:      serial_shops, nicolae_shop_statue_plus, basic_altar,
          grunt_ministairs_2

Table legend:
 A = Turns spent in this place as a percentage of turns spent in the entire game.
 B = Non-inter-level travel turns spent in this place as a percentage of non-inter-level travel turns spent in the entire game.
 C = Inter-level travel turns spent in this place as a percentage of turns spent in this place.
 D = Turns resting spent in this place as a percentage of non-inter-level travel turns spent in this place.
 E = Turns spent auto-exploring this place as a percentage of non-inter-level travel turns spent in this place.
 F = Non-inter-level travel turns spent in this place divided by the number of levels of this place that you've seen.
                   A       B       C       D       E      F
               +-------+-------+-------+-------+-------+----------------------
         Total | 100.0 | 100.0 |   0.8 |   6.3 |   8.6 | 276.3
       Dungeon | 100.0 | 100.0 |   0.8 |   6.3 |   8.6 | 276.3
               +-------+-------+-------+-------+-------+----------------------

Table legend:
 A = Kills in this place as a percentage of kills in entire the game.
 B = Kills by you in this place as a percentage of kills by you in the entire game.
 C = Kills by friends in this place as a percentage of kills by friends in the entire game.
 D = Other kills in this place as a percentage of other kills in the entire game.
 E = Experience gained in this place as a percentage of experience gained in the entire game.
 F = Experience gained in this place divided by the number of levels of this place that you have seen.
                   A       B       C       D       E      F
               +-------+-------+-------+-------+-------+----------------------
         Total | 100.0 | 100.0 |  -nan | 100.0 | 100.0 | 406.2
       Dungeon | 100.0 | 100.0 |  -nan | 100.0 | 100.0 | 406.2
               +-------+-------+-------+-------+-------+----------------------
